Map: 카이로스 정션 - 래더

Players

Aventador (Oliveira)

  • Race: Terran Terran
  • League: Master
  • Spawn Location: 5:00

Zest - Winner!

  • Race: Protoss Protoss
  • League: Master
  • Spawn Location: 11:00

Event: IEM Season 13 - Katowice Server Qualifiers America

VOD

Have the link to the VOD?

Description

Time

  • Played on: Jan. 6, 2019, 5:56 p.m.
  • Length: 8:25

All games in this series

Show
View Real Time Build Order
Export as new Build Order

Aventador Terran 

Build Orders: Reaper Expand 

Get SALT Encoding   

  12  0:00  SCV  
  13  0:12  SCV  
  14  0:17  Supply Depot  
  14  0:25  SCV  
  15  0:38  SCV  
  15  0:40  Barracks  
  16  0:44  Refinery  
  16  0:50  SCV  
  17  1:03  SCV  
  18  1:15  SCV  
  19  1:27  Reaper  
  19  1:28  Orbital Command  
  20  1:39  Command Center  
  20  1:47  Supply Depot  
  20  1:53  SCV  
  21  1:59  Marine  
  22  2:05  SCV  
  23  2:08  Factory  
  23  2:13  Refinery  
  23  2:17  Marine, SCV  
  25  2:29  SCV  
  26  2:38  Barracks, Barracks Reactor  
  26  2:41  SCV  
  27  2:51  Orbital Command  
  27  2:54  Factory Tech Lab, SCV  
  28  3:06  SCV  
  28  3:12  Cyclone  
  32  3:14  Marine x2  
  34  3:20  SCV  
  34  3:22  SCV  
  34  3:27  Barracks Tech Lab  
  34  3:32  SCV  
  35  3:34  SCV  
  35  3:37  Marine x2  
  35  3:44  Cyclone  
  35  3:46  Marine, Stimpack  
  35  3:47  SCV  
  35  3:48  SCV  
  41  3:54  Supply Depot  
  41  3:55  Marine  
  42  3:59  SCV  
  42  4:00  SCV  
  42  4:04  Starport  
  42  4:05  Marine  
  42  4:08  Marine  
  41  4:13  Marine, SCV  
  41  4:15  SCV  
  43  4:23  Marine  
  43  4:25  SCV  
  43  4:27  SCV  
  43  4:29  Siege Tank  
  48  4:31  Marine, Supply Depot  
  48  4:32  Marine  
  48  4:37  SCV  
  51  4:40  SCV  
  51  4:41  Starport Reactor  
  51  4:42  Marine, Barracks  
  53  4:46  Engineering Bay  
  53  4:49  SCV  
  54  4:53  Marine, SCV  
  54  4:54  Supply Depot  
  54  4:58  Marine  
  57  5:00  Marine  
  57  5:01  SCV  
  57  5:04  Siege Tank  
  62  5:08  Refinery  
  62  5:12  Supply Depot  
  62  5:14  Terran Infantry Weapons Level 1  
  62  5:16  Marine, SCV  
  64  5:22  Supply Depot  
  64  5:23  Refinery  
  64  5:24  SCV  
  64  5:26  Marine, Starport Reactor  
  64  5:28  Marine  
  64  5:30  SCV  
  64  5:33  Marine  
  67  5:36  SCV  
  67  5:38  Supply Depot  
  67  5:40  Siege Tank  
  71  5:43  Marine x2  
  71  5:48  SCV  
  74  5:51  Marine x3, Supply Depot  
  74  5:54  Combat Shield  
  74  5:56  SCV  
  76  6:01  Marine, Supply Depot  
  76  6:03  Marine  
  78  6:08  Medivac  
  78  6:09  Medivac  
  78  6:10  Marine x2  
  84  6:12  Marine  
  85  6:19  Marine  
  85  6:21  Marine, SCV, Siege Tank  
  88  6:27  Marine  
  88  6:28  Marine  
  88  6:30  Marine  
  91  6:36  Marine  
  91  6:39  Marine  
  93  6:45  Marine x2  
  94  6:48  Marine  
  94  6:52  Command Center  
  94  7:00  SCV  
  95  7:07  Marine  
  90  7:14  Marine x2  
  90  7:15  Liberator x2  
  90  7:20  Marine  
  90  7:21  Widow Mine x2, SCV x2  
  92  7:25  Marine  
  88  7:31  Marine  
  88  7:32  Marauder  
  88  7:33  SCV x2  
  88  7:36  Barracks x2  
  98  7:38  Marauder  
  99  7:45  SCV  
  99  7:48  Widow Mine x2  
  99  7:49  Marine x2  
  99  7:51  SCV  
  106  7:54  Marauder  
  106  7:56  Supply Depot  
  106  7:57  Supply Depot  
  106  7:58  SCV  
  109  8:02  Marauder  
  109  8:03  SCV  
  108  8:07  Marine x2  
  108  8:10  SCV  
Show
View Real Time Build Order
Export as new Build Order

Zest Protoss - Winner!

Build Orders: 1 Gate Expand, Blink Stalkers, Colossus Rush 

Get SALT Encoding   

  12  0:00  Probe  
  13  0:13  Probe  
  14  0:18  Pylon  
  14  0:24  Probe  
  15  0:32  Probe  
  15  0:38  Gateway  
  15  0:40  Probe  
  16  0:46  Assimilator  
  17  0:51  Probe  
  18  1:03  Probe  
  19  1:15  Probe  
  20  1:25  Cybernetics Core  
  20  1:32  Nexus  
  20  1:35  Probe  
  21  1:42  Pylon  
  21  1:47  Probe  
  21  1:50  Assimilator  
  21  1:52  Adept  
  22  1:59  Probe  
  25  2:03  Warp Gate  
  25  2:09  Stalker  
  25  2:11  Probe  
  28  2:29  Probe  
  29  2:31  Stalker  
  29  2:37  Twilight Council  
  29  2:44  Probe  
  32  2:48  Probe  
  33  2:53  Stalker  
  33  2:56  Probe  
  34  3:00  Probe  
  37  3:06  Blink  
  37  3:08  Probe  
  38  3:13  Probe  
  39  3:20  Probe  
  39  3:25  Probe  
  41  3:32  Probe  
  40  3:37  Probe  
  40  3:40  Gateway  
  41  3:42  Gateway  
  41  3:44  Probe  
  42  3:49  Probe  
  42  3:54  Robotics Facility  
  43  3:56  Probe  
  43  3:58  Pylon  
  43  4:01  Probe  
  45  4:08  Probe  
  44  4:13  Probe  
  45  4:20  Probe  
  44  4:25  Probe  
  43  4:32  Probe  
  43  4:34  Stalker  
  43  4:35  Stalker  
  43  4:36  Stalker  
  43  4:37  Nexus, Probe  
  51  4:38  Observer, Pylon  
  52  4:46  Assimilator  
  52  4:49  Assimilator  
  52  4:54  Probe x2  
  52  4:58  Stalker x2  
  52  4:59  Stalker  
  60  5:02  Warp Prism  
  62  5:12  Robotics Bay  
  62  5:19  Pylon  
  62  5:22  Pylon  
  62  5:32  Observer  
  62  5:37  Probe x2, Stalker  
  67  5:48  Colossus  
  67  5:49  Probe x2  
  69  5:59  Gateway  
  69  6:00  Extended Thermal Lance  
  69  6:01  Probe x2, Gateway  
  69  6:03  Gateway  
  77  6:04  Pylon  
  77  6:11  Probe  
  77  6:13  Probe  
  77  6:14  Adept  
  77  6:15  Adept x2  
  85  6:25  Probe x2  
  87  6:28  Colossus  
  87  6:36  Probe  
  88  6:40  Probe x2  
  88  6:45  Forge, Stalker x2  
  88  6:46  Forge  
  100  6:52  Pylon  
  100  6:55  Pylon  
  100  7:12  Zealot  
  100  7:13  Zealot x5  
  112  7:36  Pylon  
  112  7:38  Pylon  
  112  7:40  Pylon  
  112  7:41  Pylon  
  112  7:55  Stalker x3  
  112  7:56  Zealot x2  
  112  7:57  Zealot  

Tags
 
Add a new tag
Caveats
  • Supply blocks, unpowered buildings, or Contaminate may cause inaccurate times.
  • Supply counts are checked every 10 seconds.